 Dungeon Crawl Stone Soup version 0.28.0-47-ge53b351184 (webtiles) character file.

Game seed: 9841374536148902236

1346 101zpm the Magician (level 8, -8/52 HPs)
             Began as a Djinni Fire Elementalist on May 8, 2022.
             Mangled by a centaur
             ... wielding a +0 long sword
              (10 damage)
             ... on level 6 of the Dungeon.
             The game lasted 00:14:08 (7745 turns).

101zpm the Magician (Djinni Fire Elementalist)      Turns: 7745, Time: 00:14:10

Health: -8/52      AC:  2    Str:  7    XL:     8   Next: 94%
Gold:   161        EV: 13    Int: 18    God:
                   SH:  0    Dex: 15

rFire   + + .      SeeInvis .   c - +1 trident "Mioh" {freeze, Fragile rPois rN++ rCorr}
rCold   x . .      Faith    .   (no shield)
rNeg    + + .      Spirit   .   a - +0 robe
rPois   ∞          Reflect  .   (no helmet)
rElec   .          Harm     .   (no cloak)
rCorr   +          Rampage  .   (no gloves)
Will    .....                   (boots unavailable)
Stlth   ++........              (no amulet)
HPRegen 0.17/turn               (no ring)
MPRegen 0.00/turn               (no ring)

@: flying
A: sickness immunity, fire resistance 2, cold vulnerability 1, float, innate
caster, HP casting, extra vitality 1
a: no special abilities


You were on level 6 of the Dungeon.
You visited 1 branch of the dungeon, and saw 7 of its levels.
You also visited: Sewer and Ossuary.

You collected 161 gold pieces.

Inventory:

Hand Weapons
 c - the +1 trident "Mioh" (weapon) {freeze, Fragile rPois rN++ rCorr}
   (You found it on level 2 of the Dungeon)

   It freezes those it strikes, dealing additional cold damage.
   It can also slow down cold-blooded creatures.
   rPois:     It protects you from poison.
   rN:        It greatly protects you from negative energy.
   rCorr:     It protects you from acid and corrosion.
   Fragile:   It will be destroyed if unequipped.
Armour
 a - a +0 robe (worn)
Wands
 p - a wand of digging (8)
Scrolls
 b - a scroll of blinking
 f - 2 scrolls of fear {unknown}
 h - a scroll of amnesia {unknown}
 l - a scroll of immolation {unknown}
 m - 4 scrolls of identify
 n - a scroll of teleportation
Potions
 d - a potion of haste {unknown}
 e - 3 potions of curing {unknown}
 g - 2 potions of degeneration {unknown}
 i - 2 potions of lignification {unknown}
 j - 3 potions of ambrosia {unknown}
 k - a potion of brilliance {unknown}
 o - a potion of magic {unknown}


   Skills:
 + Level 1.6 Fighting
 + Level 2.0 Polearms
 + Level 3.1 Dodging
 + Level 3.1 Stealth
 + Level 7.3 Spellcasting


You had 2 spell levels left.
You knew the following spells:

 Your Spells              Type           Power      Damage    Failure   Level
a - Foxfire               Conj/Fire      100%       2x1d9     1%          1
b - Scorch                Fire           64%        2d8       1%          2
c - Conjure Flame         Conj/Fire      32%        6-21      1%          3
d - Inner Flame           Hex/Fire       32%        N/A       1%          3
e - Flame Wave            Conj/Fire      32%        2d8       5%          4
f - Magic Dart            Conj           100%       1d8       1%          1
g - Blink                 Tloc           64%        N/A       1%          2
h - Mephitic Cloud        Conj/Pois/Air  32%        N/A       1%          3
Your spell library was empty.

Dungeon Overview and Level Annotations

Branches:
Dungeon (7/15)             Temple (0/1) D:4           Sewer (visited)
Ossuary (visited)

Altars:
Ashenzari
Elyvilon
Vehumet
Wu Jian

Shops:
D:7 [


Innate Abilities, Weirdness & Mutations

You are immune to sickness and miasma.
You are immune to poison.
Your flesh is very heat resistant. (rF++)
You are vulnerable to cold. (rC-)
You float through the air rather than walking.
You learn spells naturally, not from books.
Your magical power is your life essence.
You have superior vitality. (+4 MHP)


Message History

Press: ? - help, Dir - move target, f - phantom
Aim: a phantom (ally target, chance to affect: 71%)
The phantom is filled with an inner flame.
The foxfire hits the phantom.
Flame seeps out of the phantom.
The phantom is lightly damaged.
Casting: Inner Flame (safe; 1% risk of failure)
Confirm with . or Enter, or press ? or * to list all spells.
Flames lash the phantom.
Flame seeps out of the phantom.
The phantom is heavily damaged.
The phantom's fire resistance burns away.
The phantom is engulfed in blazing flames.
The phantom explodes!
The fiery explosion engulfs you! You resist.
A centaur comes into view. It is wielding a +0 long sword.
You are engulfed in blazing flames.
You resist.
* * * LOW HITPOINT WARNING * * *
The centaur closely misses you. The centaur kicks you.
* * * LOW HITPOINT WARNING * * *
The centaur zombie is engulfed in blazing flames.
The centaur zombie explodes!
The fiery explosion engulfs you! You resist.
* * * LOW HITPOINT WARNING * * *
You fly upwards.
There is a stone staircase leading down here.
Casting: Scorch (safe; 1% risk of failure)
Confirm with . or Enter, or press ? or * to list all spells.
Flames lash the centaur.
The centaur is moderately wounded.
The centaur's fire resistance burns away.
* * * LOW HITPOINT WARNING * * *
The centaur barely misses you.
The centaur kicks you but does no damage.
The centaur closely misses you. x2
Casting: Scorch (safe; 1% risk of failure)
Confirm with . or Enter, or press ? or * to list all spells.
Flames lash the centaur.
The centaur is burned terribly!
The centaur is almost dead.
* * * LOW HITPOINT WARNING * * *
The centaur hits you with a +0 long sword!
You die...

.....## #.# #..# ##.# ....##
#.#######..# #.# .#.##
#..........# #.# ....#
####..####.# #.#
..#.########>.# #.# #.#
..............## #.# #.#
.##..........(.# #.# #.#
...............###.# #.#
[...#######....c@..# ##.#
(#### #..#.##### #... .#
#######..#.######## #...
.####..(..............#
####...
...###'###...#.######.#
###...... .###...).##..#..#
#.# #........
.##.......#..##.#
#.###.##.....
.##.......#..##.#
#.##...###...
..+..._...'..##.#####.##.P.#
#...


You could see a centaur (combustible).

Vanquished Creatures
  2 hornet zombies (D:6)
  An orc warrior (D:7)
  A sky beast (D:7)
  A phantom (D:7)
  2 scorpions (D:6)
  A wyvern skeleton (D:7)
  4 killer bees (D:6)
  3 centaur zombies
  2 jellies
  Natasha (thrice) (D:2)
  An iguana (D:6)
  3 orc wizards (D:7)
  A killer bee zombie (D:3)
  A howler monkey zombie (D:3)
  A mummy (Ossuary)
  3 gnolls (D:2)
  4 adders
  A river rat (Sewer)
  An ufetubus (D:6)
  An adder skeleton (D:4)
  2 dart slugs
  2 orcs
  4 spectral bats (Ossuary)
  6 ball pythons
  A bat (D:2)
  2 endoplasms
  A giant cockroach (D:4)
  7 goblins
  2 hobgoblins (D:3)
  2 jackals (D:3)
  5 kobolds
  3 quokkas
  2 bat simulacra (Ossuary)
  7 frilled lizards
  12 gnoll zombies (Ossuary)
  3 goblin simulacra (Ossuary)
  A goblin zombie (Ossuary)
  10 hobgoblin zombies (Ossuary)
  4 kobold simulacra (Ossuary)
  A kobold zombie (Ossuary)
  6 orc zombies (Ossuary)
  13 rats
  2 rat simulacra (Ossuary)
  A spectral goblin (Ossuary)
  5 spectral kobolds (Ossuary)
  2 spectral rats (Ossuary)
143 creatures vanquished.

Vanquished Creatures (collateral kills)
  9 foxfires (D:1)
9 creatures vanquished.

Vanquished Creatures (others)
  535 foxfires
  5 plants (D:1)
540 creatures vanquished.

Grand Total: 692 creatures vanquished

Notes
Turn   | Place    | Note
-------+----------+-------------------------------------------
     0 | D:1      | 101zpm the Djinni Fire Elementalist began the quest for the
                  | Orb.
     0 | D:1      | Reached XP level 1. HP: 15/15 MP: 0/0
   333 | D:1      | Reached XP level 2. HP: 13/21 MP: 0/0
   932 | D:2      | Noticed Natasha
   937 | D:2      | Killed Natasha
   938 | D:2      | Reached skill level 3 in Spellcasting
   938 | D:2      | Reached XP level 3. HP: 20/25 MP: 0/0
   938 | D:2      | Learned a level 1 spell: Magic Dart
  1080 | D:2      | Noticed Natasha
  1083 | D:2      | Killed Natasha
  1084 | D:2      | Reached XP level 4. HP: 24/31 MP: 0/0
  1122 | D:2      | Noticed Natasha
  1134 | D:2      | Killed Natasha
  1371 | D:2      | Reached XP level 5. HP: 28/35 MP: 0/0
  1371 | D:2      | Learned a level 2 spell: Blink
  1382 | D:2      | Reached skill level 4 in Spellcasting
  1384 | D:2      | Found a faded altar of an unknown god.
  1388 | D:2      | Identified the +1 trident "Mioh" {freeze, Fragile rPois
                  | rN++ rCorr}
  2013 | D:3      | Found a broken altar of Ashenzari.
  2835 | D:4      | Found a staircase to the Ecumenical Temple.
  2872 | D:4      | Found a glowing drain.
  2880 | D:4      | Reached XP level 6. HP: 35/40 MP: 0/0
  2899 | Sewer    | Entered a sewer
  3891 | D:5      | Entered Level 5 of the Dungeon
  3891 | D:5      | Found an ornate altar of the Wu Jian Council.
  3905 | D:6      | Reached skill level 1 in Polearms
  4099 | D:6      | Reached skill level 1 in Fighting
  4155 | D:6      | Reached XP level 7. HP: 39/47 MP: 0/0
  4155 | D:6      | Learned a level 3 spell: Mephitic Cloud
  4232 | D:6      | Reached skill level 5 in Spellcasting
  4554 | D:6      | Reached XP level 8. HP: 32/52 MP: 0/0
  4562 | D:6      | Found a sand-covered staircase.
  4566 | Ossuary  | Entered an ossuary
  5267 | Ossuary  | Reached skill level 6 in Spellcasting
  6499 | D:6      | Found a white marble altar of Elyvilon.
  7336 | D:7      | Found Cheibriados's Comfort Zone.
  7738 | D:7      | Reached skill level 7 in Spellcasting
  7745 | D:6      | Mangled by a centaur

Illustrated notes

Levels and vault maps discovered:
D:1:      saegor_arrival_under_anarchy, layout_rooms, chequers_jeans,
          serial_bayou_lagoon_a, chequers_decorated_corner,
          hangedman_decor_clover_reticule
D:2:      layout_basic, ebering_ecumenical_altar_rust, kennysheep_path_1,
          corexii_corridor_pit, minivault_5, uniq_natasha, uniq_terence
D:3:      layout_loops_ring, mainiacjoe_overflow_brackets,
          kennysheep_cross_bottleneck
D:4:      kennysheep_big_flooded_room, layout_gridville, lemuel_round_altar,
          mainiacjoe_overflow_alcove_4, minmay_temple_entry_grid,
          portal_sewer_entry_c, guppyfry_early_orc_mine, uniq_ijyb
D:5:      layout_rooms, overflow_temple_1_default, uniq_menkaure,
          uniq_crazy_yiuf_cottage, uniq_grinder, uniq_pikel, uniq_eustachio
D:6:      layout_loops_ring, nicolae_vehumet_altar_sigil, elyvilon_altar_1,
          enter_ossuary_5
D:7:      layout_loops_ring, minmay_shop_chei

Skill      XL: |  1  2  3  4  5  6  7  8 |
---------------+-------------------------+-----
Spellcasting   | 3 4 5 7 |  7.3
Stealth        | 2 3 |  3.1
Polearms       | 1 2 |  2.0
Fighting       | 1 |  1.6
Dodging        | 3 |  3.1

Action                   |  1- 3 |  4- 6 |  7- 9 || total
-------------------------+-------+-------+-------++-------
Melee: Trident           |       |    46 |     1 ||    47
       Punch             |       |     1 |       ||     1
 Cast: Foxfire           |    60 |   148 |   128 ||   336
       Scorch            |       |    15 |    74 ||    89
       Inner Flame       |       |     1 |    15 ||    16
       Blink             |       |       |     2 ||     2
       Conjure Flame     |       |       |     1 ||     1
  Use: Scroll            |       |     4 |       ||     4
 Stab: Sleeping          |       |     3 |       ||     3
Armor: Robe              |     1 |     5 |    11 ||    17
Dodge: Dodged            |       |    31 |    44 ||    75
